 Dungeon Crawl Stone Soup version 0.29-a0-330-g52719c12eb (webtiles) character file.

Game seed: 3531365805733052157

18 night the Shooter (level 2, -2/24 HPs)
             Began as a Demigod Hunter on May 5, 2022.
             Slain by a gnoll
             ... wielding a +0 flail
              (6 damage)
             ... on level 1 of the Dungeon.
             The game lasted 00:01:03 (306 turns).

night the Shooter (Demigod Hunter)                   Turns: 306, Time: 00:01:03

Health: -2/24      AC:  5    Str: 12    XL:     2   Next: 33%
Magic:  4/4        EV: 10    Int: 11    God:
Gold:   36         SH:  0    Dex: 17    Spells: 1/1 levels left

rFire   . . .      SeeInvis .   a - +1 shortbow
rCold   . . .      Faith    .   (shield currently unavailable)
rNeg    . . .      Spirit   .   h - +0 ring mail
rPois   .          Reflect  .   (no helmet)
rElec   .          Harm     .   (no cloak)
rCorr   .          Rampage  .   (no gloves)
Will    .....                   (no boots)
Stlth   +.........              (no amulet)
HPRegen 0.08/turn               (no ring)
MPRegen 0.09/turn               (no ring)

@: no status effects
A: high MP 1, forlorn, divine attributes
a: no special abilities


You were on level 1 of the Dungeon.
You visited 1 branch of the dungeon, and saw 1 of its levels.

You collected 36 gold pieces.

Inventory:

Hand Weapons
 a - a +1 shortbow (weapon)
Armour
 b - a +0 leather armour
 h - a +0 ring mail (worn)
Scrolls
 c - a scroll of immolation
 i - a scroll of enchant weapon
Potions
 f - a potion of haste
 j - a potion of attraction


   Skills:
 - Level 1.7 Fighting
 + Level 4.3 Bows
 - Level 1.7 Dodging
 - Level 0.8 Stealth


You had one spell level left.
You didn't know any spells.
Your spell library contained the following spells:

 Spells                   Type           Power      Damage    Failure   Level
 Conjure Flame            Conj/Fire      0%         6-21      94%         3
 Ignite Poison            Fire/Tmut/Pois 0%         N/A       94%         3
 Sticky Flame             Conj/Fire      0%         2d3       100%        4


Dungeon Overview and Level Annotations

Branches:
Dungeon (1/15)


Innate Abilities, Weirdness & Mutations

You have an increased reservoir of magic. (+10% MP)
You shall have no god before yourself.
Your divine heritage dramatically boosts your attributes as you level up.


Message History

You shoot an arrow. The ball python hisses angrily.
The arrow hits the ball python.
You kill the ball python!
Found a stone staircase leading down.
No target in view!
i - a scroll labelled QID QOIHIU
g - 3 scrolls labelled TAHUTO BIPPY (gained 1)
j - a ruby potion
As you read the scroll labelled OFUENT JUISENU, it crumbles to dust.
You feel strangely unstable.
It was a scroll of teleportation.
As you read the scroll labelled SYLLAJ EM AFFI, it crumbles to dust.
You hear a loud clanging noise!
It was a scroll of noise.
As you read the scroll labelled TAHUTO BIPPY, it crumbles to dust.
It is a scroll of identify.
i - a scroll of enchant weapon
As you read the scroll of identify, it crumbles to dust.
f - a potion of haste
As you read the scroll of identify, it crumbles to dust.
j - a potion of attraction Your surroundings suddenly seem different.
A frilled lizard comes into view.
Found a knobbly wooden ring and a scroll of noise.
You shoot an arrow. The arrow hits the frilled lizard!
You kill the frilled lizard!
You hear a shout!
A gnoll comes into view. It is wielding a +0 flail.
The gnoll shouts!
You hear a shout!
You shoot an arrow. The arrow barely misses the gnoll.
You shoot an arrow. The arrow barely misses the gnoll.
The gnoll hits you with a +0 flail! The gnoll hits you with a +0 flail.
You shoot an arrow. The arrow barely misses the gnoll.
The gnoll barely misses you.
You shoot an arrow. The arrow hits the gnoll.
The gnoll is moderately wounded.
The gnoll hits you with a +0 flail!
* * * LOW HITPOINT WARNING * * *
The gnoll hits you with a +0 flail.
You die...

... .. #
.. .# .
.?# ####.
...# ..=#
...##
#g##.....#
#@........
####.....#
...## .##
#


You could see a gnoll.

Vanquished Creatures
  A dart slug (D:1)
  A bat (D:1)
  3 endoplasms (D:1)
  3 goblins (D:1)
  A hobgoblin (D:1)
  3 ball pythons (D:1)
  2 frilled lizards (D:1)
  A rat (D:1)
15 creatures vanquished.

Notes
Turn   | Place    | Note
-------+----------+-------------------------------------------
     0 | D:1      | night the Demigod Hunter began the quest for the Orb.
     0 | D:1      | Reached XP level 1. HP: 17/17 MP: 3/3
   118 | D:1      | Reached skill level 4 in Bows
   164 | D:1      | Reached XP level 2. HP: 24/24 MP: 4/4
   306 | D:1      | Slain by a gnoll

Illustrated notes

Levels and vault maps discovered:
D:1:      onia_arrival_mini_spirals, layout_loops_ring, chequers_jeans,
          minmay_heptomino_d4

Skill      XL: |  1 |
---------------+----+-----
Bows           | 4 |  4.3
Fighting       | |  1.7
Dodging        | |  1.7
Stealth        | |  0.8

Action                   || total
-------------------------++-------
 Fire: Shortbow          ||    25
  Use: Scroll            ||     5
Dodge: Dodged            ||     3

Table legend: (Time is in decaauts)
 A = Elapsed time spent in this place.
 B = Non-inter-level travel time spent in this place.
 C = Inter-level travel time spent in this place.
 D = Time resting spent in this place.
 E = Time spent auto-exploring this place.
 F = Levels seen in this place.
 G = Mean time per level.
                   A        B        C        D        E       F      G
               +--------+--------+--------+--------+--------+-----+--------+
         Total |    315 |    307 |      8 |      0 |    232 |   1 |  315.0 |
       Dungeon |    315 |    307 |      8 |      0 |    232 |   1 |  315.0 |
               +--------+--------+--------+--------+--------+-----+--------+

Top non-repeatable levels by time:
     D:1: 315 daAuts
